 Dungeon Crawl Stone Soup version 0.31-a0-221-gbddc013574 (webtiles) character file.

Game seed: 15892078545171527691

5868 qw the Cleaver (level 10, -15/65 HPs)
             Began as a Gargoyle Fighter on July 3, 2023.
             Was a Priest of Okawaru.
             Demolished by a white ugly thing (39 damage)
             ... on level 9 of the Dungeon.
             The game lasted 00:04:44 (8676 turns).

qw the Cleaver (Gargoyle Fighter)                   Turns: 8676, Time: 00:04:45

Health: -15/65     AC: 37    Str: 24    XL:     10   Next: 81%
Magic:  11/13      EV: 14    Int:  9    God:    Okawaru [***...]
Gold:   407        SH:  6    Dex:  9    Spells: 9/9 levels left

rFire   + + .        f - +2 war axe (protect)
rCold   x . .        c - +0 buckler
rNeg    + . .        r - +0 fire dragon scales
rPois   inf          (no helmet)
rElec   +            (no cloak)
rCorr   .            l - +2 pair of gloves
SInv    .            m - +2 pair of boots
Will    .....        (no amulet)
Stlth   +            o - +4 ring of protection
HPRegen 0.30/turn    j - +3 ring of evasion
MPRegen 0.13/turn

%: no passive effects
@: heroic, under a protective aura
A: sickness immunity, AC +7, negative energy resistance 1, electricity
resistance, torment resistance 1, petrification resistance
a: Renounce Religion, Heroism


You were on level 9 of the Dungeon.
You worshipped Okawaru.
Okawaru was most pleased with you.
You visited 2 branches of the dungeon, and saw 10 of its levels.
You also visited: Sewer.

You collected 624 gold pieces.
You spent 217 gold pieces at shops.


Innate Abilities, Weirdness & Mutations

You are immune to sickness and miasma.
Your stone body is resilient. (AC +7)
You are immune to poison.
You resist negative energy. (rN+)
You are resistant to electric shocks. (rElec)
You are resistant to unholy torment.
You are immune to petrification.


   Skills:
 + Level 8.5(13.5) Fighting
 - Level 11.0(16.0) Axes
 - Level 1.2(6.2) Throwing
 - Level 6.2(11.2) Armour
 - Level 2.1(7.1) Dodging
 - Level 5.0(10.0) Shields
 - Level 4.1 Invocations


You had 9 spell levels left.
You didn't know any spells.
Your spell library was empty.

Inventory:

Hand Weapons
 f - a +2 war axe of protection (weapon)
 p - a +0 flail of holy wrath
 w - a +1 morningstar
Missiles
 v - 3 boomerangs (quivered)
Armour
 c - a +0 buckler (worn)
 g - a +0 chain mail
 k - a +0 cloak
 l - a +2 pair of gloves (worn)
 m - a +2 pair of boots (worn)
 r - +0 fire dragon scales (worn)
Jewellery
 j - a +3 ring of evasion (right hand)
 o - a +4 ring of protection (left hand)
 q - a ring of resist corrosion
 Y - a ring of protection from fire
Wands
 h - a wand of digging (7)
Scrolls
 a - 8 scrolls of identify
Potions
 b - 2 potions of curing
 d - 2 potions of might
 e - 2 potions of heal wounds
 i - 7 potions of enlightenment
 n - 5 potions of mutation
 s - a potion of attraction
 t - a potion of lignification
 u - a potion of magic

Dungeon Overview and Level Annotations

Branches:
Dungeon (9/15)             Temple (1/1) D:4           Sewer (visited)
   Lair: D:8-11         Orc: D:9-12

Altars:
Ashenzari
Cheibriados
Dithmenos
Elyvilon
Gozag
Kikubaaqudgha
Makhleb
Nemelex Xobeh
Okawaru
Ru
Trog
Uskayaw
Vehumet
Wu Jian
Xom
Zin
The Shining One

Shops:
D:3 =   D:5 ?


Message History

Okawaru accepts your kill.
Found a short sword.
Enter note:
Enter note:
Found an escape hatch in the floor.
Enter note: You see here a wand of flame (7).
A white ugly thing comes into view.
The white ugly thing moves out of view.
Enter note:
Enter note:
Enter note:
Enter note:
Enter note:
8669 ||| INVOKING Heroism.
You gain the combat prowess of a mighty hero.
You throw a boomerang.
The boomerang closely misses the white ugly thing.
You slash the white ugly thing!
Your weapon exudes an aura of protection.
The white ugly thing is moderately wounded.
The white ugly thing claws you but does no damage.
You slice the white ugly thing!!
The white ugly thing is heavily wounded.
You barely miss the white ugly thing.
The white ugly thing is heavily wounded.
The white ugly thing claws you. The white ugly thing freezes you!!!
You feel a terrible chill!
Ouch! That really hurt!
You slash the white ugly thing!
The white ugly thing is severely wounded.
The white ugly thing misses you.
You hit the white ugly thing but do no damage.
The white ugly thing is severely wounded.
You hit the white ugly thing.
The white ugly thing is severely wounded.
The white ugly thing claws you. The white ugly thing freezes you!!!
You feel a terrible chill!
Ouch! That really hurt!
You die...

#/.# #.....#
#..# #.....#
#..# #.....#
#..#
#..###.....#
#..#
#..........#
#..#
#..........#
#..#
#..###..##.#
# #..###..#
#..##.###....
#.......#
#..##@u......
#.......#
#..##......#.
#.......#
#..##..#...#
##..####.#
#..##..#...#
....# .# #..
#..# ..#
###.# .. #..#
.# #.# ...
...# .# #.#
.... #... #.#


You could see a white ugly thing.

Vanquished Creatures
  Sigmund (D:6)
  A wraith (D:9)
  3 yaks (D:6)
  Eustachio (D:6)
  A wyvern (D:9)
  2 steam dragons (D:5)
  Menkaure (D:6)
  2 water moccasins
  4 sky beasts (D:7)
  An ice beast (D:6)
  3 black bears
  3 ogres
  3 centaurs
  A phantom (D:6)
  2 kobold brigands
  3 bullfrogs
  3 gnoll sergeants
  2 scorpions (D:7)
  15 wights
  5 killer bees (D:7)
  A howler monkey (D:8)
  A jelly (D:4)
  5 orc priests
  5 hounds
  4 sleepcaps
  5 iguanas
  3 orc wizards
  9 gnolls
  8 river rats
  16 adders
  A shadow imp (D:6)
  A white imp (D:5)
  5 worms
  A dart slug (D:2)
  8 orcs
  17 bats
  7 endoplasms
  8 giant cockroaches
  8 hobgoblins
  7 jackals
  5 quokkas
  14 ball pythons
  3 frilled lizards
  5 goblins
  19 kobolds
  4 rats
227 creatures vanquished.

Vanquished Creatures (others)
  A wizard (D:3)
  Maurice (D:9)
  A kobold (D:9)
3 creatures vanquished.

Grand Total: 230 creatures vanquished

Notes
Turn   | Place    | Note
-------+----------+-------------------------------------------
     0 | D:1      | qw the Gargoyle Fighter began the quest for the Orb.
     0 | D:1      | Reached XP level 1. HP: 14/14 MP: 1/1
     0 | D:1      | 0 ||| qw: Version: 0.3-a-40-ge99b1a8
     0 | D:1      | 0 ||| qw: Game counter: 532
     0 | D:1      | 0 ||| qw: Melee chars always use a shield: true
     0 | D:1      | 0 ||| qw: God list: Okawaru
     0 | D:1      | 0 ||| qw: Allow faded altars: false
     0 | D:1      | 0 ||| qw: Do Orc after clearing Dungeon:15 true
     0 | D:1      | 0 ||| qw: Do second Lair branch before Depths: true
     0 | D:1      | 0 ||| qw: Lair rune preference: random
     0 | D:1      | 0 ||| qw: Goals: Normal, Zot:1-4, Slime:5, God:TSO, Crypt,
                  | Tomb, Abyss, Pan, Hells, Win
     0 | D:1      | 0 ||| PLANNING D:1-11
   289 | D:1      | Reached skill level 2 in Axes
   291 | D:1      | 291 ||| Stepping ~*~*~tactically~*~*~ (hiding).
   381 | D:1      | You fall into a shaft and drop 1 floor!
   416 | D:2      | Reached XP level 2. HP: 18/19 MP: 2/2
   420 | D:2      | Reached skill level 3 in Axes
   420 | D:2      | Reached XP level 3. HP: 22/23 MP: 3/3
   435 | D:2      | 435 ||| UPGRADING to +0 chain mail.
   445 | D:2      | 445 ||| DROPPING +0 scale mail.
   446 | D:2      | 446 ||| UPGRADING to ring of protection from fire.
   447 | D:2      | 447 ||| READING 2 scrolls labelled XIFAMOTEDE.
   448 | D:2      | 448 ||| READING scroll labelled MAOR ANGOU.
   449 | D:2      | 449 ||| READING scroll labelled SAMNUT OMOIHE.
   450 | D:2      | 450 ||| READING scroll labelled LIUTEW HUAMP.
   778 | D:2      | 778 ||| Stepping ~*~*~tactically~*~*~ (hiding).
   964 | D:2      | 964 ||| Stepping ~*~*~tactically~*~*~ (stealth).
  1207 | D:2      | 1207 ||| DROPPING +0 club.
  1409 | D:2      | Reached XP level 4. HP: 28/28 MP: 4/4
  1450 | D:2      | 1450 ||| UPGRADING to +2 pair of gloves.
  1455 | D:2      | 1455 ||| UPGRADING to ring of resist corrosion.
  1456 | D:2      | 1456 ||| READING scroll labelled ISUIQO MOIRRIGI.
  1457 | D:2      | 1457 ||| DRINKING 2 dark potions.
  1458 | D:2      | 1458 ||| READING 3 scrolls of identify.
  1458 | D:2      | 1458 ||| IDENTIFYING clear potion
  1459 | D:2      | 1459 ||| READING 2 scrolls of identify.
  1459 | D:2      | 1459 ||| IDENTIFYING murky inky potion
  1460 | D:2      | 1460 ||| DROPPING potion of degeneration.
  1493 | D:3      | 1493 ||| PLANNING SEWER
  1521 | D:3      | Reached skill level 1 in Throwing
  1541 | D:3      | Noticed a +0 spear
  1544 | D:3      | Noticed a +0 falchion
  1548 | D:3      | Noticed a +0 dagger
  1554 | D:3      | Noticed a +0 spear
  1558 | D:3      | Reached skill level 4 in Axes
  1558 | D:3      | Noticed a +0 falchion
  1560 | D:3      | Noticed a +0 short sword
  1561 | D:3      | Noticed a +0 short sword
  1561 | D:3      | Noticed a +0 dagger
  1602 | D:3      | 1602 ||| Stepping ~*~*~tactically~*~*~ (hiding).
  1603 | D:3      | 1603 ||| Stepping ~*~*~tactically~*~*~ (hiding).
  1604 | D:3      | 1604 ||| Stepping ~*~*~tactically~*~*~ (hiding).
  1685 | D:3      | Reached XP level 5. HP: 32/32 MP: 5/5
  1692 | D:3      | 1692 ||| Stepping ~*~*~tactically~*~*~ (stealth).
  1694 | D:3      | 1694 ||| Stepping ~*~*~tactically~*~*~ (stealth).
  1716 | D:3      | 1716 ||| Stepping ~*~*~tactically~*~*~ (water).
  1813 | D:3      | 1813 ||| Stepping ~*~*~tactically~*~*~ (water).
  1815 | D:3      | 1815 ||| Stepping ~*~*~tactically~*~*~ (water).
  1828 | D:3      | Found a glowing drain.
  1829 | D:3      | 1829 ||| READING scroll labelled DUAN OTAYGA.
  1830 | D:3      | 1830 ||| READING scroll labelled SATAOC BEUJY.
  1834 | Sewer    | Entered a sewer
  1857 | Sewer    | 1857 ||| Stepping ~*~*~tactically~*~*~ (water).
  1943 | Sewer    | 1943 ||| Stepping ~*~*~tactically~*~*~ (water).
  1975 | Sewer    | 1975 ||| Stepping ~*~*~tactically~*~*~ (water).
  2008 | Sewer    | 2008 ||| Stepping ~*~*~tactically~*~*~ (water).
  2012 | Sewer    | 2012 ||| Stepping ~*~*~tactically~*~*~ (water).
  2042 | Sewer    | Reached skill level 5 in Axes
  2124 | Sewer    | Reached XP level 6. HP: 19/38 MP: 6/6
  2284 | Sewer    | 2284 ||| Stepping ~*~*~tactically~*~*~ (water).
  2514 | Sewer    | 2514 ||| READING scroll labelled ALOHUA MUIKK.
  2515 | Sewer    | 2515 ||| Stepping ~*~*~tactically~*~*~ (water).
  2720 | Sewer    | 2720 ||| READING scroll labelled PASURR SATOHIL.
  2721 | Sewer    | 2721 ||| READING scroll labelled JUYNOTEA DUERI.
  2722 | Sewer    | 2722 ||| READING 2 scrolls of identify.
  2722 | Sewer    | 2722 ||| IDENTIFYING fizzy grey potion
  2723 | Sewer    | 2723 ||| DROPPING potion of invisibility.
  2746 | D:3      | 2746 ||| PLANNING D:1-11
  2858 | D:3      | Found a hide-covered altar of Uskayaw.
  2882 | D:3      | Identified the +5 hand axe of Hacking and Slashing {freeze,
                  | Int+3}
  2930 | D:3      | Found Niwkut's One-of-a-Kind Rings.
  2938 | D:3      | 2938 ||| SHOPLISTING +2 ring of slaying (252 gold, have
                  | 135).
  2938 | D:3      | 2938 ||| BUYING +3 ring of evasion (120 gold).
  2938 | D:3      | Bought a +3 ring of evasion for 120 gold pieces
  2938 | D:3      | 2938 ||| SHOPLISTING +4 ring of dexterity (180 gold, have
                  | 15).
  2938 | D:3      | 2938 ||| SHOPLISTING +6 ring of protection (936 gold, have
                  | 15).
  2938 | D:3      | 2938 ||| SHOPLISTING +7 ring of evasion (792 gold, have
                  | 15).
  2938 | D:3      | 2938 ||| SHOPLISTING ring "Xaithred" {rElec Dex+6} (600
                  | gold, have 15).
  3056 | D:3      | Found a bloodstained altar of Trog.
  3057 | D:3      | Noticed a wizard
  3063 | D:3      | Killed a wizard
  3152 | D:3      | 3152 ||| UPGRADING to +3 ring of evasion.
  3154 | D:3      | 3154 ||| UPGRADING to ring of protection from fire.
  3274 | D:4      | 3274 ||| Stepping ~*~*~tactically~*~*~ (stealth).
  3283 | D:4      | Reached skill level 6 in Axes
  3324 | D:4      | Reached XP level 7. HP: 42/43 MP: 7/7
  3349 | D:4      | Reached skill level 1 in Dodging
  3419 | D:4      | Found a staircase to the Ecumenical Temple.
  3421 | D:4      | 3421 ||| PLANNING TEMPLE
  3429 | Temple   | Entered the Ecumenical Temple
  3442 | Temple   | 3442 ||| PLANNING D:1-11
  3645 | D:4      | Found a snail-covered altar of Cheibriados.
  3815 | D:4      | 3815 ||| READING scroll labelled UTIPTYULODIENT.
  3816 | D:4      | 3816 ||| READING scroll labelled CUCLERPHUCH.
  3827 | D:5      | Entered Level 5 of the Dungeon
  3898 | D:5      | 3898 ||| Stepping ~*~*~tactically~*~*~ (stealth).
  3925 | D:5      | Found a sparkling altar of Nemelex Xobeh.
  3927 | D:5      | Found a glowing silver altar of Zin.
  3932 | D:5      | 3932 ||| READING scroll of enchant weapon.
  3932 | D:5      | 3932 ||| ENCHANTING +1 war axe of protection.
  3935 | D:5      | Found an ornate altar of the Wu Jian Council.
  3938 | D:5      | Found an iron altar of Okawaru.
  3939 | D:5      | 3939 ||| PLANNING OKAWARU WORSHIP
  3939 | D:5      | 3939 ||| READING 2 scrolls of identify.
  3939 | D:5      | 3939 ||| IDENTIFYING smoky puce potion
  3943 | D:5      | Became a worshipper of Warmaster Okawaru
  3944 | D:5      | 3944 ||| PLANNING D:1-11
  4014 | D:5      | Noticed a steam dragon
  4028 | D:5      | Killed a steam dragon
  4029 | D:5      | Reached skill level 7 in Axes
  4127 | D:5      | Found Teliq's Magic Scroll Boutique.
  4136 | D:5      | 4136 ||| SHOPLISTING scroll of brand weapon (123 gold, have
                  | 122).
  4136 | D:5      | 4136 ||| BUYING scroll of enchant armour (97 gold).
  4136 | D:5      | Bought a scroll of enchant armour for 97 gold pieces
  4136 | D:5      | 4136 ||| SHOPLISTING scroll of identify (26 gold, have 25).
  4196 | D:5      | Noticed a steam dragon
  4197 | D:5      | 4197 ||| Stepping ~*~*~tactically~*~*~ (hiding).
  4210 | D:5      | Killed a steam dragon
  4269 | D:5      | Reached XP level 8. HP: 46/49 MP: 8/8
  4284 | D:5      | 4284 ||| Stepping ~*~*~tactically~*~*~ (hiding).
  4490 | D:5      | 4490 ||| Stepping ~*~*~tactically~*~*~ (hiding).
  4491 | D:5      | 4491 ||| Stepping ~*~*~tactically~*~*~ (hiding).
  4493 | D:5      | 4493 ||| Stepping ~*~*~tactically~*~*~ (hiding).
  4498 | D:5      | 4498 ||| Stepping ~*~*~tactically~*~*~ (stealth).
  4516 | D:5      | 4516 ||| Stepping ~*~*~tactically~*~*~ (stealth).
  4528 | D:5      | 4528 ||| Stepping ~*~*~tactically~*~*~ (hiding).
  4529 | D:5      | 4529 ||| Stepping ~*~*~tactically~*~*~ (hiding).
  4542 | D:5      | Reached skill level 8 in Axes
  4551 | D:5      | Reached * piety under Okawaru
  4552 | D:5      | Reached skill level 6 in Fighting
  4638 | D:5      | 4638 ||| DROPPING +0 whip.
  4674 | D:5      | 4674 ||| DRINKING 2 viscous sapphire potions.
  4675 | D:5      | 4675 ||| DRINKING 2 potions of curing.
  4675 | D:5      | 4675 ||| (to cure confusion)
  4676 | D:5      | 4676 ||| DROPPING potion of ambrosia.
  4721 | D:6      | 4721 ||| INVOKING Heroism.
  4790 | D:6      | 4790 ||| Stepping ~*~*~tactically~*~*~ (hiding).
  4929 | D:6      | Reached skill level 1 in Invocations
  4951 | D:6      | 4951 ||| DROPPING +0 mace.
  5035 | D:6      | 5035 ||| INVOKING Heroism.
  5038 | D:6      | 5038 ||| Stepping ~*~*~tactically~*~*~ (stealth).
  5050 | D:6      | Reached XP level 9. HP: 44/55 MP: 8/11
  5066 | D:6      | 5066 ||| Stepping ~*~*~tactically~*~*~ (stealth).
  5069 | D:6      | 5069 ||| Stepping ~*~*~tactically~*~*~ (stealth).
  5078 | D:6      | 5078 ||| Stepping ~*~*~tactically~*~*~ (stealth).
  5081 | D:6      | 5081 ||| Stepping ~*~*~tactically~*~*~ (stealth).
  5082 | D:6      | 5082 ||| Stepping ~*~*~tactically~*~*~ (stealth).
  5086 | D:6      | 5086 ||| Stepping ~*~*~tactically~*~*~ (stealth).
  5090 | D:6      | Reached skill level 3 in Invocations
  5096 | D:6      | 5096 ||| INVOKING Heroism.
  5110 | D:6      | 5110 ||| Stepping ~*~*~tactically~*~*~ (stealth).
  5111 | D:6      | Noticed Sigmund
  5112 | D:6      | 5112 ||| Stepping ~*~*~tactically~*~*~ (stealth).
  5113 | D:6      | 5113 ||| Stepping ~*~*~tactically~*~*~ (stealth).
  5265 | D:6      | Noticed Menkaure
  5266 | D:6      | 5266 ||| INVOKING Heroism.
  5272 | D:6      | Killed Menkaure
  5273 | D:6      | Reached skill level 9 in Axes
  5400 | D:6      | 5400 ||| INVOKING Heroism.
  5406 | D:6      | Killed Sigmund
  5474 | D:6      | Found a broken altar of Ashenzari.
  5506 | D:6      | Noticed Eustachio
  5507 | D:6      | 5507 ||| INVOKING Heroism.
  5510 | D:6      | 5510 ||| Stepping ~*~*~tactically~*~*~ (hiding).
  5526 | D:6      | Killed Eustachio
  5721 | D:6      | Reached ** piety under Okawaru
  5724 | D:6      | Reached skill level 10 in Axes
  6115 | D:6      | 6115 ||| READING scroll labelled ZETOIM MITRA.
  6116 | D:6      | 6116 ||| READING scroll labelled VYWIUSM POFUK.
  6121 | D:6      | 6121 ||| READING 3 scrolls of identify.
  6121 | D:6      | 6121 ||| IDENTIFYING glowing brown potion
  6122 | D:6      | 6122 ||| READING 2 scrolls of identify.
  6122 | D:6      | 6122 ||| IDENTIFYING fuming emerald potion
  6200 | D:7      | Reached XP level 10. HP: 62/63 MP: 13/13
  6337 | D:7      | 6337 ||| Stepping ~*~*~tactically~*~*~ (stealth).
  6345 | D:7      | 6345 ||| Stepping ~*~*~tactically~*~*~ (hiding).
  6357 | D:7      | 6357 ||| Stepping ~*~*~tactically~*~*~ (hiding).
  6678 | D:7      | 6678 ||| Stepping ~*~*~tactically~*~*~ (hiding).
  6725 | D:7      | Reached *** piety under Okawaru
  6776 | D:7      | Found an opulent altar of Gozag.
  6964 | D:7      | 6964 ||| UPGRADING to +0 pair of boots.
  6969 | D:7      | 6969 ||| READING 2 scrolls of enchant armour.
  6969 | D:7      | 6969 ||| ENCHANTING +0 pair of boots.
  6970 | D:7      | 6970 ||| READING scroll of enchant armour.
  6970 | D:7      | 6970 ||| ENCHANTING +1 pair of boots.
  6971 | D:7      | 6971 ||| READING 2 scrolls of identify.
  6971 | D:7      | 6971 ||| IDENTIFYING viscous ruby potion
  7390 | D:8      | 7390 ||| Stepping ~*~*~tactically~*~*~ (hiding).
  7396 | D:8      | 7396 ||| Stepping ~*~*~tactically~*~*~ (hiding).
  7466 | D:8      | 7466 ||| INVOKING Heroism.
  7645 | D:8      | 7645 ||| Stepping ~*~*~tactically~*~*~ (stealth).
  7915 | D:8      | Found a white marble altar of Elyvilon.
  7942 | D:8      | Reached skill level 11 in Axes
  8120 | D:8      | 8120 ||| Stepping ~*~*~tactically~*~*~ (stealth).
  8136 | D:8      | 8136 ||| INVOKING Heroism.
  8308 | D:8      | 8308 ||| DROPPING ring of positive energy.
  8309 | D:8      | 8309 ||| UPGRADING to +4 ring of protection.
  8311 | D:8      | 8311 ||| UPGRADING to +3 ring of evasion.
  8313 | D:8      | 8313 ||| UPGRADING to +0 fire dragon scales.
  8364 | D:9      | Noticed Maurice
  8382 | D:9      | 8382 ||| INVOKING Heroism.
  8392 | D:9      | Reached skill level 6 in Armour
  8398 | D:9      | Killed Maurice
  8439 | D:9      | 8439 ||| FLEEEEING.
  8440 | D:9      | 8440 ||| FLEEEEING.
  8441 | D:9      | 8441 ||| STAIRDANCE
  8540 | D:9      | 8540 ||| Stepping ~*~*~tactically~*~*~ (stealth).
  8543 | D:9      | 8543 ||| Stepping ~*~*~tactically~*~*~ (stealth).
  8544 | D:9      | 8544 ||| Stepping ~*~*~tactically~*~*~ (stealth).
  8546 | D:9      | 8546 ||| Stepping ~*~*~tactically~*~*~ (stealth).
  8555 | D:9      | 8555 ||| Stepping ~*~*~tactically~*~*~ (stealth).
  8559 | D:9      | 8559 ||| DRINKING 3 potions of curing.
  8559 | D:9      | 8559 ||| (to cure confusion)
  8667 | D:9      | Noticed a white ugly thing
  8669 | D:9      | 8669 ||| INVOKING Heroism.
  8676 | D:9      | Demolished by a white ugly thing

Levels and vault maps discovered:
D:1:      dpeg_arrival_shelter, layout_basic, serial_bayou_pond_b
D:2:      layout_loops_ring
D:3:      layout_basic, nicolae_uskayaw_en_pointe, trog_wizard,
          gup_sewer_entry_spiral, nicolae_shop_unique_rings
D:4:      layout_cave_pools, lemuel_round_altar, temple_fountains
D:5:      layout_basic, nicolae_overflow_macrodata_refinement, serial_shops,
          nicolae_diamond_shop, kennysheep_generic_room_16
D:6:      layout_layer_cave, evilmike_ruin_ashenzari, minmay_starry_boxes,
          uniq_eustachio, uniq_menkaure, uniq_sigmund
D:7:      layout_loops_ring, kennysheep_little_box
D:8:      layout_layer_cave, nicolae_overflow_hidden_temple
D:9:      layout_long_grid, chequers_temple_overflow_minitemple,
          mainiacjoe_overflow_alcove_4, uniq_maurice
Temple:   hellmonk_temple_two_chambers

Skill      XL: |  1  2  3  4  5  6  7  8  9 10 |
---------------+-------------------------------+-----
Axes           | 2 3 4 5 6 7 8 10 11 | 11.0
Throwing       | 1 |  1.2
Fighting       | 4 5 6 7 8 |  8.5
Dodging        | 1 2 |  2.1
Armour         | 4 5 6 |  6.2
Invocations    | 2 4 |  4.1
Shields        | 4 5 |  5.0

Action                     |  1- 3 |  4- 6 |  7- 9 | 10-12 || total
---------------------------+-------+-------+-------+-------++-------
  Melee: War axe           |    86 |   233 |   308 |   219 ||   846
  Throw: Javelin           |    18 |     6 |       |       ||    24
         Boomerang         |       |    49 |       |    24 ||    73
 Invoke: Heroism           |       |       |     6 |     4 ||    10
    Use: Scroll            |     4 |     9 |     8 |     3 ||    24
         Potion            |       |     1 |     2 |     1 ||     4
 Armour: Scale mail        |    11 |       |       |       ||    11
         Chain mail        |    38 |   209 |   151 |   108 ||   506
         Fire dragon scale |       |       |       |    33 ||    33
  Dodge: Dodged            |    38 |   120 |   169 |    97 ||   424
  Block: Buckler           |    14 |    55 |    62 |    44 ||   175

Table legend:
 A = Non-vault XP
 B = Vault XP
 C = Vault XP percentage of total XP
 D = Non-vault monster count
 E = Vault monster count
 F = Vault count percentage of total count
                 A         B        C        D         E       F
            +---------+---------+-------+---------+---------+-------
      Total |    6522 |    1861 |  22.2 |     167 |      61 |  26.8
            +---------+---------+-------+---------+---------+-------
        D:1 |       9 |       0 |   0.0 |       7 |       0 |   0.0
        D:2 |      73 |       0 |   0.0 |      24 |       0 |   0.0
        D:3 |     105 |      39 |  27.1 |      18 |       7 |  28.0
        D:4 |     331 |       0 |   0.0 |      20 |       0 |   0.0
        D:5 |     894 |     135 |  13.1 |      17 |       3 |  15.0
        D:6 |    1446 |    1205 |  45.5 |      19 |      10 |  34.5
        D:7 |    1366 |       0 |   0.0 |      18 |       0 |   0.0
        D:8 |    1600 |       0 |   0.0 |      28 |       0 |   0.0
        D:9 |     698 |     274 |  28.2 |      16 |       1 |   5.9
      Sewer |       0 |     208 | 100.0 |       0 |      40 | 100.0
            +---------+---------+-------+---------+---------+-------
